[Event "Gibraltar Challengers B 2020"]
[Site "Caleta"]
[Date "2020.01.27"]
[Round "4.17"]
[White "Manukonda Arun"]
[Black "Schouten, Freek"]
[Result "0-1"]
[ECO "A57"]
[WhiteElo "1959"]
[BlackElo "2084"]
[Annotator "NA"]
[PlyCount "148"]
[EventDate "2020.01.20"]
[EventType "swiss"]
[EventCountry "GGB"]
[SourceTitle "playchess.com"]
[Source "ChessBase"]
[SourceQuality "1"]
[TimeControl "6600+10"]

1. d4 Nf6 2. c4 c5 3. d5 b5 4. cxb5 a6 5. f3 d6 6. e4 g6 7. Nc3 Bg7 8. Be3 O-O 9. Bd3 {[%emt 0:02:32] A57: Benko/Volga Gambit} (9. a4 Ne8 10. Be2 axb5 11. axb5 Rxa1 12. Qxa1 Qb6 13. h4 h5 14. Nh3 Nc7 15. Qc1 Nd7 16. Nf2 Qb7 {1-0 (39) Berczes,D (2471)-Le,Q (2706) Las Vegas 2014}) 9... Nbd7 10. bxa6 Ne5 $146 ({Predecessor:} 10... Bxa6 11. Bxa6 Rxa6 12. Nge2 Nb6 13. O-O Nc4 14. Qc1 Nxe3 15. Qxe3 {0-1 (34) Bagdi,T-Nemeth,D Paks 1997}) 11. Be2 Bxa6 (11... Qb6 $11) 12. Bxa6 Rxa6 13. Nge2 Qa5 14. O-O Nc4 15. Bc1 Nd7 16. Qc2 Rb8 17. b3 ({Better is} 17. Rb1 $14) 17... Na3 18. Bxa3 Qxa3 19. Rab1 Ne5 20. Rfd1 Rab6 21. f4 Ng4 (21... Nd7 $1 $15) 22. h3 Ne3 23. Qc1 Qxc1 24. Rdxc1 e6 25. Kf2 exd5 26. Na4 Rb4 27. Kxe3 Rxe4+ 28. Kd2 d4 29. Re1 h5 30. g3 Re3 31. Nb2 d5 32. Nd3 (32. Na4 $14 Ra8 33. Nc1 (33. Nxc5 Rxa2+ 34. Kd1 d3 $17) 33... Rxg3 34. Nxc5) 32... c4 33. bxc4 Rxb1 34. Rxb1 dxc4 35. Ne5 Bxe5 36. fxe5 c3+ 37. Kd1 c2+ 38. Kxc2 Rxe2+ 39. Kb3 Rxe5 40. a4 f5 41. Kc4 Ra5 42. Kb4 Ra8 43. Rd1 h4 44. gxh4 Kg7 45. Rxd4 Kh6 46. a5 g5 47. hxg5+ Kxg5 48. h4+ Kf6 49. Rd6+ Ke5 50. Rh6 f4 51. Rh7 Ke6 52. Rh6+ Ke5 53. Rh5+ Ke4 54. Kc3 f3 55. Kd2 Rb8 56. Rc5 Rb2+ 57. Ke1 Rb1+ 58. Kf2 Rb2+ 59. Kg3 Rg2+ 60. Kh3 Rg8 61. Rc4+ Ke3 62. Rc3+ Ke2 63. Rc2+ Ke1 64. Rc1+ Kd2 65. Ra1 f2 66. Ra2+ Ke1 67. Ra1+ Ke2 68. Ra2+ Ke3 69. Ra3+ Ke4 70. Ra4+ Ke5 71. Ra1 Rg1 72. Rf1 Rxf1 73. Kg2 Ra1 74. Kxf2 Kf6 0-1

[Event "Gibraltar Challengers B 2020"]
[Site "Caleta"]
[Date "2020.01.28"]
[Round "4.18"]
[White "Stolniceanu, Victor-Dumitru"]
[Black "Stoica, Savas Marin"]
[Result "0-1"]
[ECO "B31"]
[WhiteElo "2074"]
[BlackElo "1689"]
[Annotator "NA"]
[PlyCount "42"]
[EventDate "2020.01.20"]
[EventType "swiss"]
[EventCountry "GGB"]
[SourceTitle "playchess.com"]
[Source "ChessBase"]
[SourceQuality "1"]
[TimeControl "6600+10"]

1. e4 c5 2. Nf3 Nc6 3. Bb5 g6 4. O-O Bg7 5. Bxc6 bxc6 6. d3 d6 7. h3 Nh6 {[%emt 0:00:05] B31: Sicilian: 2...Nc6 3 Bb5 g6} (7... e5 8. c3 Ne7 9. d4 cxd4 10. cxd4 exd4 11. Nxd4 O-O 12. Nc3 h6 13. Be3 Kh7 14. Qd2 Rb8 15. b3 {1-0 (43) Tomashevsky,E (2716)-Li,C (2720) Doha 2016}) 8. Nbd2 O-O 9. Nb3 f5 $146 ({Predecessor:} 9... a5 10. a4 e5 11. Bd2 f5 12. Qe1 fxe4 13. Qxe4 {½-½ (30) Navarro Cabrera,A (1797)-Rojas Mirabal,P (2111) Gran Canaria 2015}) 10. e5 Nf7 11. exd6 exd6 12. c3 Ba6 13. c4 g5 14. Nh2 f4 15. Rb1 Ne5 ({Black should play} 15... Bc8 $17 16. Bd2 Bf5) 16. Nf3 Bc8 17. Bd2 {[%emt 0:00:13] [#]} (17. Nxe5 $15 Bxe5 18. Qf3) 17... g4 $1 18. Nxe5 Bxe5 19. hxg4 $2 {[%emt 0:18:15] [#]} (19. g3 $17) 19... f3 $1 20. gxf3 (20. g3 $19 Bxg4 21. Qc1) 20... Qh4 21. f4 Bxg4 0-1

[Event "Gibraltar Challengers B 2020"]
[Site "Caleta"]
[Date "2020.01.27"]
[Round "4.20"]
[White "Meszaros, Andras"]
[Black "Cannon, Richard J"]
[Result "1-0"]
[ECO "B40"]
[WhiteElo "2244"]
[BlackElo "1990"]
[Annotator "ChessBase"]
[PlyCount "63"]
[EventDate "2020.01.20"]
[EventType "swiss"]
[EventCountry "GGB"]
[SourceTitle "playchess.com"]
[Source "ChessBase"]
[SourceQuality "1"]
[TimeControl "6600+10"]

1. e4 e6 2. b3 b6 3. Nc3 Bb7 4. Nf3 c5 5. Bb2 Nc6 6. g3 a6 7. Bg2 Nf6 8. O-O Qc7 9. Re1 d6 10. d4 cxd4 11. Nxd4 Be7 12. a4 Rc8 13. Nce2 Nb8 14. c4 Bxe4 15. Bxe4 Nxe4 16. Nf4 Qb7 17. Qe2 Nf6 18. Nf5 exf5 19. Bxf6 gxf6 20. Nd5 Nc6 21. Qf3 Rb8 22. Qxf5 O-O 23. Rxe7 Qxe7 24. Nxe7+ Nxe7 25. Qxf6 Ng6 26. Rd1 b5 27. cxb5 axb5 28. a5 Ra8 29. b4 Rfe8 30. Rxd6 Ne5 31. h4 Rac8 32. h5 1-0

[Event "Gibraltar Challengers B 2020"]
[Site "Caleta"]
[Date "2020.01.27"]
[Round "4.21"]
[White "Havik, Victor"]
[Black "Boardman, Jeffrey"]
[Result "1-0"]
[ECO "D78"]
[WhiteElo "2101"]
[BlackElo "1972"]
[Annotator "ChessBase"]
[PlyCount "104"]
[EventDate "2020.01.20"]
[EventType "swiss"]
[EventCountry "GGB"]
[SourceTitle "playchess.com"]
[Source "ChessBase"]
[SourceQuality "1"]
[TimeControl "6600+10"]

1. c4 Nf6 2. Nf3 c6 3. g3 g6 4. Bg2 Bg7 5. O-O O-O 6. d4 d5 7. Nc3 dxc4 8. a4 a5 9. h3 Na6 10. e4 Nb4 11. Be3 Bd7 12. Ne5 b5 13. f4 Ne8 14. g4 Bxe5 15. fxe5 Nd3 16. b3 c5 17. e6 Bxe6 18. d5 Bd7 19. axb5 Qb6 20. bxc4 Ne5 21. Na4 Qc7 22. Rc1 Nd6 23. Qe2 Nb7 24. Bf4 f6 25. Qe3 Rac8 26. Qc3 Qd6 27. g5 Rce8 28. Rc2 Ra8 29. Nb2 Nd8 30. Nd3 Ndf7 31. Ra2 a4 32. Rfa1 Qc7 33. Rxa4 Rxa4 34. Rxa4 Qc8 35. gxf6 exf6 36. Nxe5 Nxe5 37. Bxe5 fxe5 38. Qxe5 Bxh3 39. Bxh3 Qxh3 40. Qe6+ Qxe6 41. dxe6 Rb8 42. Ra7 Kf8 43. Rxh7 Rb6 44. Rf7+ Ke8 45. Rf6 Rd6 46. Rxg6 Ke7 47. Rg5 Rd1+ 48. Kf2 Kd6 49. Rd5+ Ke7 50. Rg5 Rd6 51. Kg1 Rxe6 52. Rxc5 Rxe4 1-0

[Event "Gibraltar Challengers B 2020"]
[Site "Caleta"]
[Date "2020.01.27"]
[Round "4.22"]
[White "Omovie Ejenavi"]
[Black "Perez Ruiz, Santiago"]
[Result "1/2-1/2"]
[ECO "E42"]
[WhiteElo "2089"]
[BlackElo "1953"]
[Annotator "NA"]
[PlyCount "50"]
[EventDate "2020.01.20"]
[EventType "swiss"]
[EventCountry "GGB"]
[SourceTitle "playchess.com"]
[Source "ChessBase"]
[SourceQuality "1"]
[TimeControl "6600+10"]

1. d4 Nf6 2. c4 e6 3. Nc3 Bb4 4. e3 c5 5. Nge2 O-O 6. a3 cxd4 7. exd4 Be7 8. d5 d6 {[%emt 0:00:18] E42: Nimzo-Indian: Rubinstein: 4...c5 5 Ne2} (8... exd5 9. cxd5 Bc5 10. b4 Bd6 11. g3 Be5 12. Bg2 a5 13. b5 d6 14. Be3 Nbd7 15. O-O Nc5 16. f4 Bxc3 17. Nxc3 Bf5 18. Bxc5 dxc5 {½-½ (58) Flom,G (2467)-Alterman,B (2605) Israel 2019}) 9. g3 e5 10. Bg2 Nbd7 11. O-O a5 12. h3 Nc5 13. Be3 Bf5 $146 ({Predecessor:} 13... Na6 14. b4 axb4 15. axb4 Bd7 16. Qb3 {1-0 (39) Gaborit,J (2320)-Falgueras Marti,C Olot 1994}) 14. Bxc5 dxc5 15. Nb5 Ne8 16. Nec3 Nd6 17. Qe2 Bf6 (17... Re8 $11) 18. Nxd6 Qxd6 19. Nb5 Qb6 20. Qe3 Bd7 21. a4 Bxb5 22. axb5 Qd6 23. Rfe1 b6 24. Rad1 g6 25. h4 $15 h5 1/2-1/2

[Event "Gibraltar Challengers B 2020"]
[Site "Caleta"]
[Date "2020.01.27"]
[Round "4.23"]
[White "Paul, Nathanael"]
[Black "Kukic, Boris"]
[Result "1-0"]
[ECO "D00"]
[WhiteElo "1987"]
[BlackElo "2056"]
[Annotator "NA RC"]
[PlyCount "57"]
[EventDate "2020.01.20"]
[EventType "swiss"]
[EventCountry "GGB"]
[SourceTitle "playchess.com"]
[Source "ChessBase"]
[SourceQuality "1"]
[TimeControl "6600+10"]

1. d4 d5 2. Bf4 Nf6 3. e3 a6 4. Nd2 b6 5. Bd3 Bb7 6. c3 e6 7. Ngf3 Nbd7 8. Ne5 Nxe5 9. Bxe5 Bd6 10. f4 h6 11. Qf3 Qe7 12. O-O-O Bxe5 13. fxe5 Nd7 14. Rhf1 b5 15. Qg3 Qg5 16. Qf2 f5 17. g4 g6 18. h4 Qe7 19. h5 O-O-O 20. hxg6 fxg4 21. Qf7 Qxf7 22. Rxf7 h5 23. g7 Rhe8 24. Rh1 Nxe5 25. dxe5 d4 26. Be4 dxe3 27. Bxb7+ Kxb7 28. Ne4 e2 29. Nd6+ $18 {[%emt 0:00:35] Double Attack} 1-0

[Event "Gibraltar Challengers B 2020"]
[Site "Caleta"]
[Date "2020.01.27"]
[Round "4.24"]
[White "Patola, Eero"]
[Black "Karlsson, Jorgen"]
[Result "0-1"]
[ECO "A25"]
[WhiteElo "1831"]
[BlackElo "2054"]
[Annotator "NA"]
[PlyCount "152"]
[EventDate "2020.01.20"]
[EventType "swiss"]
[EventCountry "GGB"]
[SourceTitle "playchess.com"]
[Source "ChessBase"]
[SourceQuality "1"]
[TimeControl "6600+10"]

1. c4 e5 2. Nc3 Nc6 3. g3 Bc5 4. Bg2 a6 5. d3 Nf6 6. h3 d6 7. Nf3 h6 8. O-O Be6 9. a3 Qd7 10. Kh2 g5 11. b4 Ba7 12. b5 axb5 13. Nxb5 Bb6 14. Be3 Ba5 15. Rc1 (15. Nd2 $1 $14) 15... g4 16. Ng1 (16. Nd2 $11) 16... gxh3 17. Bxh3 Bxh3 18. Nxh3 Ng4+ 19. Kg2 d5 20. Bd2 (20. d4 $17 {was worth a try.}) 20... d4 (20... Bxd2 $142 21. Qxd2 d4) 21. e3 Bxd2 22. Qxd2 f5 $2 ({Better is} 22... dxe3 $17 23. fxe3 O-O-O) 23. exd4 Nxd4 24. Nxd4 ({White should play} 24. f3 $11 Nb3 {[%mdl 64] Double Attack} 25. Qe2 Nxc1 26. Rxc1) 24... Qxd4 ({Of course not} 24... exd4 $6 25. Rce1+ Kf7 26. Qb2 $16) 25. Qc3 (25. Rce1 $1 $11) 25... c5 (25... O-O-O $17 26. Rfd1 Qc5) 26. Qxd4 cxd4 27. Rb1 Rxa3 28. Rxb7 O-O 29. Rd1 Ra2 30. Kg1 Rfa8 (30... Rf7 $5 31. Rb8+ Kh7 $15) 31. Rdb1 Ra1 32. c5 (32. f3 $1 $11 {keeps the balance.} Ne3 33. f4) 32... Rxb1+ 33. Rxb1 Kf7 34. f3 Ne3 35. Nf2 Rc8 36. Rc1 h5 37. Kh2 Ke6 38. Kh3 Rc6 39. Kh4 Kf6 40. g4 hxg4 41. fxg4 f4 42. Ne4+ Kg6 43. Rb1 Nd5 44. g5 Rc8 45. Kg4 Rh8 46. Nf2 Ne3+ 47. Kf3 Kxg5 48. Ke4 Rh2 49. Rg1+ Kf6 50. Kf3 Kf5 51. c6 Rh7 52. Rc1 Nd5 53. Rc5 Ke6 54. Ke4 (54. Ne4 $11 {remains equal.} Rg7 55. Rb5) 54... Nf6+ 55. Kf3 Kd6 56. Rb5 (56. Ra5 $17 {was forced.}) 56... Re7 57. Rb6 Rc7 58. Ne4+ Nxe4 59. Kxe4 Rxc6 60. Rb5 Rc5 61. Rb6+ Kc7 62. Re6 Kd7 63. Rf6 Rc6 64. Rf5 Re6 65. Kd5 Re8 66. Rf7+ Re7 67. Rf5 Kc7 68. Rf6 e4 69. dxe4 d3 70. Rc6+ Kd8 71. Rc1 Ke8 72. e5 d2 73. Rd1 f3 74. Ke4 f2 75. Ke3 Rf7 76. Ke2 {[%emt 0:00:13] [#]} f1=Q+ $19 0-1

[Event "Gibraltar Challengers B 2020"]
[Site "Caleta"]
[Date "2020.01.28"]
[Round "4.25"]
[White "Bujakevich, Aleksandr"]
[Black "Kozarcanin, Sead"]
[Result "1-0"]
[ECO "C51"]
[WhiteElo "2014"]
[BlackElo "2019"]
[Annotator "NA"]
[PlyCount "95"]
[EventDate "2020.01.20"]
[EventType "swiss"]
[EventCountry "GGB"]
[SourceTitle "playchess.com"]
[Source "ChessBase"]
[SourceQuality "1"]
[TimeControl "6600+10"]

1. e4 e5 2. Nf3 Nc6 3. Bc4 Bc5 4. b4 Bxb4 5. c3 Bd6 6. d4 Nf6 {[%emt 0:00:20] C51: Evans Gambit: Declined and Accepted without 5...Ba5} (6... Qe7 7. O-O f6 8. Re1 g6 9. Nbd2 Na5 10. Bd3 b6 11. Nc4 Nxc4 12. Bxc4 Bb7 13. a4 a5 14. Qd3 {0-1 (59) Nisipeanu,L (2665)-Bartel,M (2652) Germany 2014}) 7. O-O O-O 8. Re1 h6 9. Nbd2 Re8 10. Qc2 Qe7 $146 ({Predecessor:} 10... Bf8 11. Qb3 Qe7 12. Nxe5 Nxe5 13. dxe5 Ng4 14. Nf3 {1-0 (30) Meunier,C (2269)-Feryn,B (2153) Agen 2017}) 11. Nh4 (11. Bf1 $11) 11... Kh7 12. Nf5 Qf8 {[%emt 0:00:02] [#]} 13. f4 $1 g6 14. fxe5 gxf5 15. exf6 Bf4 16. e5 d6 17. Bd3 dxe5 18. Bxf5+ Kh8 19. Nf3 Bxc1 20. Raxc1 Bxf5 21. Qxf5 exd4 22. cxd4 Rxe1+ 23. Rxe1 Re8 24. Rxe8 Qxe8 25. Qf4 Kh7 26. g4 Qd8 27. Qf5+ Kg8 28. Qf4 Kh7 $1 29. Kf2 Qd5 30. a3 Qd6 31. Qe4+ Kg8 32. d5 Nb8 33. Qe8+ Qf8 34. Qe7 Na6 35. Ne5 Nc5 36. Kf3 b6 37. Qxc7 Na6 38. Qe7 Nc5 $18 39. Qxa7 Nb3 40. Qe7 Nd4+ 41. Kf2 Nb5 42. a4 Nc3 43. Qxf8+ Kxf8 44. Nd7+ Ke8 45. Nxb6 Ne4+ 46. Kf3 Nxf6 47. a5 Nxd5 48. Nxd5 1-0

[Event "Gibraltar Challengers B 2020"]
[Site "Caleta"]
[Date "2020.01.27"]
[Round "4.26"]
[White "Godoy Olazabal, Artur"]
[Black "O`neil, Jim"]
[Result "1-0"]
[ECO "A80"]
[WhiteElo "2154"]
[BlackElo "1870"]
[Annotator "ChessBase"]
[PlyCount "61"]
[EventDate "2020.01.20"]
[EventType "swiss"]
[EventCountry "GGB"]
[SourceTitle "playchess.com"]
[Source "ChessBase"]
[SourceQuality "1"]
[TimeControl "6600+10"]

1. d4 f5 2. Nc3 Nf6 3. f3 d5 4. Bg5 h6 5. Bxf6 exf6 6. e4 Bb4 7. exf5 Bxf5 8. Bd3 Qd7 9. Nge2 Nc6 10. g4 Bxd3 11. Qxd3 O-O-O 12. O-O-O Rhe8 13. Nf4 Bxc3 14. Qxc3 Qd6 15. Qd2 Na5 16. b3 Qa3+ 17. Kb1 Rd6 18. Rhe1 Red8 19. Ne6 Ra6 20. Qc1 Qxc1+ 21. Kxc1 Rg8 22. Nf4 Rd6 23. Re3 Nc6 24. c3 Kd7 25. Rde1 g5 26. Nh5 f5 27. gxf5 g4 28. Rg1 Rg5 29. fxg4 Ne7 30. f6 Nf5 31. f7 1-0

[Event "Gibraltar Challengers B 2020"]
[Site "Caleta"]
[Date "2020.01.27"]
[Round "4.27"]
[White "Ruiz Buendia, Miguel"]
[Black "Bengherabi, Khalil"]
[Result "0-1"]
[ECO "B72"]
[WhiteElo "1917"]
[BlackElo "2106"]
[Annotator "ChessBase"]
[PlyCount "48"]
[EventDate "2020.01.20"]
[EventType "swiss"]
[EventCountry "GGB"]
[SourceTitle "playchess.com"]
[Source "ChessBase"]
[SourceQuality "1"]
[TimeControl "6600+10"]

1. e4 c5 2. Nf3 d6 3. d4 cxd4 4. Nxd4 Nf6 5. Nc3 g6 6. Be3 a6 7. a4 b6 8. f3 Bb7 9. Qd2 Bg7 10. Be2 O-O 11. g4 Nc6 12. h4 Rc8 13. h5 Nxd4 14. Bxd4 e5 15. Be3 Qc7 16. Bh6 Bxh6 17. Qxh6 Qe7 18. g5 Nxh5 19. Bxa6 Rxc3 20. Bxb7 Rxc2 21. Bd5 Rfc8 22. a5 bxa5 23. Rxh5 gxh5 24. g6 Qh4+ 0-1

[Event "Gibraltar Challengers B 2020"]
[Site "Caleta"]
[Date "2020.01.27"]
[Round "4.28"]
[White "Ungureanu, Sandu"]
[Black "Gonzalvez Tamarit, Ivan"]
[Result "1-0"]
[ECO "A50"]
[WhiteElo "2066"]
[BlackElo "1918"]
[Annotator "NA"]
[PlyCount "99"]
[EventDate "2020.01.20"]
[EventType "swiss"]
[EventCountry "GGB"]
[SourceTitle "playchess.com"]
[Source "ChessBase"]
[SourceQuality "1"]
[TimeControl "6600+10"]

1. Nf3 Nf6 2. c4 b6 3. g3 Bb7 4. Bg2 g6 5. O-O Bg7 6. Nc3 O-O 7. d4 Ne4 8. Qd3 {[%emt 0:01:47] A50: Queen's Fianchetto Defence (1 d4 Nf6 2 c4 b6)} (8. Nxe4 Bxe4 9. Be3 c5 10. Qd2 d6 11. Bh6 Nd7 12. Bxg7 {½-½ (12) Erdos,V (2609)-Almasi,Z (2691) Budapest 2019}) 8... Nxc3 9. Qxc3 d6 10. Qd3 $146 ({Predecessor:} 10. Qc2 Nd7 11. e4 e5 12. d5 a5 13. Rb1 Nc5 14. b3 Bc8 15. Nd2 Bh6 16. a3 {½-½ (23) Khusenkhojaev,M (2462)-Deviatkin,A (2471) New Delhi 2018}) 10... Nd7 11. Be3 c5 12. Rad1 Qc7 13. b3 Rad8 14. Qd2 Rfe8 15. Bh6 Bh8 ({Black should play} 15... Bxf3 $15 16. Bxf3 Bxd4) 16. d5 Ne5 17. Nxe5 Bxe5 18. f4 Bd4+ 19. e3 Bg7 20. Bxg7 Kxg7 21. f5 f6 22. fxg6 hxg6 23. Be4 e5 24. g4 Qd7 25. Qg2 Bc8 26. h3 Rh8 27. Rf3 Rdf8 28. Rdf1 Qe7 29. Qg3 g5 30. Qg2 $11 Qc7 31. R1f2 Bd7 32. Qf1 Rh6 33. h4 Rxh4 34. Rxf6 Rxf6 35. Rxf6 Rxg4+ 36. Bg2 Rf4 37. exf4 Kxf6 38. fxe5+ Kxe5 39. Qa1+ Kf5 40. Qg7 g4 41. Qh7+ Kf4 42. Qh6+ Ke5 43. Qe3+ Kf6 44. Qf4+ Bf5 45. Be4 Qd7 46. Kf2 Qh7 47. Qxd6+ Kg5 48. Qe5 Qh4+ 49. Ke2 Kh6 50. Qh8+ 1-0

[Event "Gibraltar Challengers B 2020"]
[Site "Caleta"]
[Date "2020.01.27"]
[Round "4.29"]
[White "Lung, Liviu-Catalin"]
[Black "Ashwani Kumar Grover"]
[Result "1/2-1/2"]
[ECO "C00"]
[WhiteElo "2041"]
[BlackElo "1731"]
[Annotator "NA"]
[PlyCount "109"]
[EventDate "2020.01.20"]
[EventType "swiss"]
[EventCountry "GGB"]
[SourceTitle "playchess.com"]
[Source "ChessBase"]
[SourceQuality "1"]
[TimeControl "6600+10"]

1. e4 e6 2. d3 d5 3. Nd2 Nf6 4. Ngf3 c5 5. g3 Nc6 6. Bg2 dxe4 7. dxe4 e5 8. O-O Qc7 9. c3 Be7 10. Nc4 Be6 {[%emt 0:07:03] C00: French: Unusual White 2nd moves} 11. Ne3 (11. Qe2 h6 12. Nh4 O-O 13. Ne3 Rfd8 14. Nhf5 Bf8 15. Qf3 Be7 16. g4 Rd7 17. h4 Rad8 18. g5 hxg5 19. hxg5 {1-0 (37) Martinez Duany,L (2463)-Andrenko,I (2233) Mexico City 2012}) 11... Nxe4 12. Nd5 $146 ({Predecessor:} 12. Qa4 f5 13. Re1 O-O 14. Nxf5 Bxf5 15. Rxe4 Bxe4 16. Qxe4 Rad8 17. Bg5 Qd6 18. Re1 {1-0 (42) Huettig,M (2179)-Bischoff,M (1945) Ditzingen 2006}) 12... Bxd5 13. Qxd5 Nf6 14. Qc4 O-O 15. Bg5 h6 16. Bxf6 Bxf6 17. Qxc5 Be7 18. Qe3 (18. Qc4 $14) 18... Bd6 (18... f5 $11) 19. Rad1 f5 20. Nh4 Rad8 {[%emt 0:07:38] [#]} (20... Rf6 $1 $11) 21. g4 $1 Ne7 22. gxf5 ({Much weaker is} 22. Qxa7 $6 e4 $11) 22... Bc5 23. Qe4 Rxd1 24. Rxd1 g5 25. Ng6 Nxg6 26. fxg6 Rxf2 27. Kh1 Rxb2 28. Qd5+ Kg7 29. Qe6 Qe7 30. Rd7 Rb1+ 31. Bf1 Rxf1+ 32. Kg2 Rf2+ 33. Kg3 Qxd7 34. Qxd7+ Kxg6 35. Qxb7 Rf6 36. Qe4+ Kg7 37. Qd5 Bb6 38. Qxe5 Kg6 39. Qe4+ Kg7 40. c4 h5 41. Qe7+ Kg6 42. c5 Ba5 43. c6 Bb6 44. Qe4+ Kh6 45. Qc2 Bc7+ 46. Kg2 h4 47. h3 Kg7 48. Qd2 Kh6 49. Qc2 Kg7 50. a4 a5 51. Qc5 Kg6 52. Qd4 Kg7 53. Qd7+ Rf7 54. Qe8 $18 Bb6 55. Qe5+ 1/2-1/2

[Event "Gibraltar Challengers B 2020"]
[Site "Caleta"]
[Date "2020.01.27"]
[Round "4.31"]
[White "Niharika Ch"]
[Black "Filipovich, David"]
[Result "1/2-1/2"]
[ECO "B15"]
[WhiteElo "1865"]
[BlackElo "1995"]
[Annotator "NA"]
[PlyCount "89"]
[EventDate "2020.01.20"]
[EventType "swiss"]
[EventCountry "GGB"]
[SourceTitle "playchess.com"]
[Source "ChessBase"]
[SourceQuality "1"]
[TimeControl "6600+10"]

1. e4 g6 2. d4 Bg7 3. Nc3 c6 4. Be3 d5 5. h3 Qb6 (5... dxe4 6. Nxe4 Nd7 7. c4 Ngf6 8. Nc3 O-O 9. Nf3 Qa5 10. Qc2 e5 11. Be2 Re8 12. O-O exd4 13. Nxd4 {1-0 (27) Sargsyan,S (2529)-Aliyev,R (2385) Batumi 2019}) 6. b3 {[%emt 0:03:40] B15: Caro-Kann: 3 Nc3: 3...g6 and 3...dxe4 4 Nxe4 Nf6 5 Nxf6+ exf6} dxe4 7. Nxe4 Nd7 $146 ({Predecessor:} 7... Nh6 8. c3 Nf5 9. Bf4 Be6 10. Nf3 Nd7 11. Bd3 Nf6 12. Nc5 Bd5 13. O-O Bxf3 14. Qxf3 {½-½ (50) Kamaluddin,Y-Sakellarakis,D UECC Email 1999}) 8. Qd2 Ngf6 9. Nc3 Nd5 10. Nxd5 cxd5 11. Ne2 Nf6 12. Nc3 Bd7 13. g4 e6 14. Bd3 Rc8 15. g5 (15. f3 $11 {remains equal.}) 15... Ng8 16. Ne2 Bb5 17. Bxb5+ Qxb5 18. h4 Ne7 19. Ng3 Qc6 20. O-O-O Qc3 21. Qxc3 Rxc3 22. Kb2 Rc6 23. h5 Nf5 24. hxg6 hxg6 25. Rxh8+ Bxh8 26. Nxf5 gxf5 27. Bf4 Bg7 28. Be5 Bxe5 29. dxe5 Kf8 30. a4 Kg7 31. Rh1 Rc8 32. f4 Rh8 33. Rxh8 Kxh8 34. Kc3 Kg7 35. Kd4 Kf8 36. b4 Ke7 37. a5 Kd7 38. Kc5 Kc7 39. b5 Kd7 40. Kd4 Kc7 $11 41. Kc5 Kd7 42. Kb4 Kc7 43. Ka4 Kd7 44. Kb4 Kc7 45. Kc5 1/2-1/2

[Event "Gibraltar Challengers B 2020"]
[Site "Caleta"]
[Date "2020.01.27"]
[Round "4.32"]
[White "Kunnavakkam, Sudarshanagopal Vin"]
[Black "Wang, Cong"]
[Result "1-0"]
[ECO "C21"]
[WhiteElo "1786"]
[BlackElo "1975"]
[Annotator "NA"]
[PlyCount "65"]
[EventDate "2020.01.20"]
[EventType "swiss"]
[EventCountry "GGB"]
[SourceTitle "playchess.com"]
[Source "ChessBase"]
[SourceQuality "1"]
[TimeControl "6600+10"]

1. e4 e5 2. d4 exd4 3. c3 d5 4. Qxd4 dxe4 (4... Nf6 5. exd5 Qxd5 6. Qxd5 Nxd5 7. Nf3 Bd6 8. Bc4 Nb6 9. Bb5+ Bd7 10. Bxd7+ N8xd7 11. O-O O-O 12. Nbd2 {½-½ (46) Mariano,N (2416)-Antonio,R (2523) Tagaytay City 2004}) 5. Qxe4+ Qe7 6. Qxe7+ {[%emt 0:01:48] C21: Danish Gambit} Bxe7 7. Bc4 Nf6 8. Bf4 $146 ({Predecessor:} 8. Nf3 O-O 9. O-O Bd6 10. Re1 Nc6 11. Bg5 Nd7 12. Nbd2 {½-½ (57) Piay Augusto,D (2240)-Vazquez,A Vilagarcia 2000}) 8... Bd6 9. Bxd6 cxd6 10. Na3 d5 11. Bb3 a6 12. Rd1 Be6 13. Ne2 Nc6 14. Nf4 O-O-O 15. O-O Na5 16. Nxe6 fxe6 17. Bc2 e5 18. Rfe1 Rhe8 19. Rd2 g6 20. f3 Nc6 21. Bb1 d4 22. cxd4 exd4 23. Red1 $11 Re6 24. Bd3 b5 25. Nc2 Red6 26. a4 Rd5 27. Na3 Nb4 28. axb5 Nxd3 29. Rxd3 axb5 30. Nc2 Nh5 31. Rxd4 Nf4 32. Kf2 Nd3+ 33. R1xd3 1-0

[Event "Gibraltar Challengers B 2020"]
[Site "Caleta"]
[Date "2020.01.27"]
[Round "4.33"]
[White "Hng, Mei-Xian Eunice"]
[Black "Fabregas, Oliver"]
[Result "1-0"]
[ECO "B21"]
[WhiteElo "1661"]
[BlackElo "1951"]
[Annotator "NA"]
[PlyCount "93"]
[EventDate "2020.01.20"]
[EventType "swiss"]
[EventCountry "GGB"]
[SourceTitle "playchess.com"]
[Source "ChessBase"]
[SourceQuality "1"]
[TimeControl "6600+10"]

1. e4 c5 2. d4 cxd4 3. c3 d3 4. Bxd3 e5 (4... d6 5. f4 Nf6 6. Nf3 Nc6 7. O-O Bg4 8. Nbd2 e6 9. Qb3 Qc7 10. Nc4 Be7 11. Ne3 Bh5 12. h3 Bxf3 13. Rxf3 {1-0 (32) Grigoryan,K (2608)-Moussard,J (2608) chess24.com INT 2019}) 5. Nf3 d6 6. O-O {[%emt 0:04:34] B21: Sicilian: 2 f4 and Morra Gambit} Nf6 7. h3 Be7 8. Be3 O-O 9. Nbd2 b6 $146 ({Predecessor:} 9... Nc6 10. Bc2 d5 11. exd5 Nxd5 12. Qe2 Nxe3 13. Qxe3 f6 {1-0 (27) Lukacs,A-Wiendels,F Utrecht 2001}) 10. Qe2 Bb7 11. a4 Nbd7 12. Bc2 d5 13. Bg5 (13. exd5 $14 Nxd5 14. a5) 13... h6 (13... dxe4 $1 $15 14. Ne1 Nd5 15. Bxe7 Qxe7 16. Bxe4 Nf4) 14. Bxf6 $1 Bxf6 (14... Nxf6 $14 15. exd5 (15. Nxe5 d4 $14) 15... Bxd5) 15. exd5 Bxd5 16. Qd3 e4 17. Nxe4 Bxe4 18. Qxe4 g6 19. Qf4 Bg7 20. Rad1 Qf6 21. Qxf6 Nxf6 22. Rfe1 Rfe8 23. Kf1 Kf8 24. Rxe8+ Rxe8 25. Re1 Rc8 26. Ne5 Nh5 27. Nd7+ Kg8 28. Re7 f5 29. g4 fxg4 30. Bxg6 Nf6 31. hxg4 Nxd7 32. Rxd7 a5 33. f4 Rc6 34. Be4 Rf6 35. f5 Bf8 36. Bd5+ Kh8 37. Be6 Bc5 38. Rd8+ Kg7 39. Ke2 Rf8 40. Rxf8 Bxf8 41. Kd3 Kf6 42. Kc4 Kg5 43. Kb5 Bc5 44. b4 axb4 45. cxb4 Be3 $18 46. a5 bxa5 47. bxa5 1-0

[Event "Gibraltar Challengers B 2020"]
[Site "Caleta"]
[Date "2020.01.27"]
[Round "4.34"]
[White "Lee, Alexandre KM"]
[Black "Mao, Yingzhou"]
[Result "0-1"]
[ECO "B33"]
[WhiteElo "1557"]
[BlackElo "1948"]
[Annotator "NA"]
[PlyCount "74"]
[EventDate "2020.01.20"]
[EventType "swiss"]
[EventCountry "GGB"]
[SourceTitle "playchess.com"]
[Source "ChessBase"]
[SourceQuality "1"]
[TimeControl "6600+10"]

1. e4 c5 2. Nf3 Nc6 3. d4 cxd4 4. Nxd4 Nf6 5. Nc3 e5 6. Nde2 Bc5 7. Ng3 d6 8. Bc4 Bg4 9. f3 Be6 10. Nd5 O-O 11. Bg5 Bxd5 12. exd5 Na5 13. Bd3 Qb6 14. Bxf6 $1 gxf6 15. Ne4 $2 (15. b3 $18) 15... Kg7 16. Nxc5 $2 (16. Rb1 $18) 16... Qxc5 $11 17. Be2 Rac8 18. c3 Nc4 19. Bxc4 Qxc4 20. Qb3 Qd3 21. Qd1 Qb5 22. Qb3 Rc5 23. Qxb5 Rxb5 24. O-O-O Rc8 25. Kc2 f5 26. b4 Rxb4 27. Rb1 Rbc4 28. Rb3 b5 29. Rd1 e4 30. fxe4 fxe4 31. Re1 R8c5 32. Re3 Rxd5 33. Ra3 Rg5 34. g3 Rgc5 35. Rxa7 b4 36. Ra4 d5 37. Kd2 bxc3+ 0-1